 Dungeon Crawl Stone Soup version 0.15-a0-1119-g9b3a599 (webtiles) character file.

606 Rycklaryybbe the Covert (level 7, -1/32 HPs)
             Began as a Spriggan Enchanter on May 29, 2014.
             Was an Initiate of Dithmenos.
             Slain by a gnoll
             ... wielding a +0,+0 cutlass
              (5 damage)
             ... on Level 5 of the Dungeon.
             The game lasted 00:13:24 (5185 turns).

Rycklaryybbe the Covert (Spriggan Enchanter)        Turns: 5185, Time: 00:13:24

HP  -1/32        AC  4     Str  6      XL: 7   Next: 19%
MP  15/20        EV 18     Int 16      God: Dithmenos [......]
Gold 233         SH  0     Dex 19      Spells:  3 memorised,  6 levels left

rFire  . . .     SeeInvis +     a - +1 dagger
rCold  . . .     Clarity  .     b - +1 robe
rNeg   + . .     rCorr    .     (shield restricted)
rPois  .         rRot     .     (helmet restricted)
rElec  .         Spirit   .     v - +0 cloak
SustAb .         Warding  +     (gloves unavailable)
rMut   .         Stasis   .     (boots unavailable)
Gourm  .                        z - amulet of warding
MR     +....                    (no ring)
                                w - +2 ring of strength

@: very slightly contaminated, very quick, somewhat resistant to hostile
enchantments, quite stealthy
A: unfitting armour, see invisible, herbivore 3, speed 3, slow metabolism 2
a: Renounce Religion


You were on level 5 of the Dungeon.
You worshipped Dithmenos.
Dithmenos was noncommittal.
You were not hungry.

You visited 2 branches of the dungeon, and saw 6 of its levels.

You collected 233 gold pieces.

Inventory:

Hand weapons
 a - a +1,+1 dagger (weapon)
Missiles
 d - 12 darts (quivered)
 m - 9 poisoned needles
Armour
 b - a +1 robe (worn)
 v - a +0 cloak (worn)
Comestibles
 n - 5 bread rations
 t - a slice of pizza
 x - a royal jelly
Scrolls
 e - a scroll of fog {unknown}
 g - 3 scrolls of remove curse
 h - 4 scrolls of teleportation {unknown}
 i - a scroll of random uselessness {unknown}
 j - 6 scrolls of identify {unknown}
 p - a scroll of blinking {unknown}
 q - a scroll of immolation {unknown}
 s - a scroll of enchant weapon I {unknown}
 y - a scroll of enchant weapon II {unknown}
 A - a scroll of recharging {unknown}
 C - a scroll of fear {unknown}
Jewellery
 w - a +2 ring of strength (left hand)
 z - an amulet of warding (around neck)
Potions
 f - a potion of mutation {unknown}
 k - a potion of heal wounds {unknown}
 l - 2 potions of curing
 o - a potion of might {unknown}
 r - 2 potions of lignification {unknown}
 B - 2 potions of magic {unknown}
Books
 c - a book of Maledictions

   Spells                             Type                      Level
   *Corona                            Hexes                        1
   Sure Blade                         Hexes/Charms                 2
   *Ensorcelled Hibernation           Hexes/Ice                    2
   *Confuse                           Hexes                        3
   Dazzling Spray                     Conjuration/Hexes            3
   Enslavement                        Hexes                        4
 u - a book of Ice

   Spells                             Type                      Level
   Metabolic Englaciation             Hexes/Ice                    5
   Ozocubu's Refrigeration            Ice                          6
   Bolt of Cold                       Conjuration/Ice              6
   Freezing Cloud                     Conjuration/Ice/Air          6
   Simulacrum                         Ice/Necromancy               6


   Skills:
 - Level 1.1 Short Blades
 - Level 1.1 Throwing
 - Level 3.0 Dodging
 + Level 8.1 Stealth
 - Level 3.1 Spellcasting
 * Level 8.0 Hexes


You had 6 spell levels left.
You knew the following spells:

 Your Spells              Type           Power        Failure   Level  Hunger
a - Corona                Hex            ####...      1%          1    None
b - Ensorcelled Hibernat  Hex/Ice        ###...       8%          2    ##.....
c - Confuse               Hex            ####....     1%          3    ###....


Dungeon Overview and Level Annotations

Branches:
Dungeon (5/15)             Temple (1/1) D:4

Altars:
Cheibriados
Dithmenos
Elyvilon
Fedhas
Gozag
Kikubaaqudgha
Okawaru
Qazlal
Sif Muna
Trog
Vehumet
Zin
The Shining One


Innate Abilities, Weirdness & Mutations

You are tiny and cannot use many weapons and most armour.
You have supernaturally acute eyesight.
You are a herbivore.
You cover ground extremely quickly.
You need consume almost no food.


Message History

Aim: a gnoll, wielding a halberd The gnoll struggles to resist.
The gnoll hits you from afar with a halberd!
You hit the gnoll.
The gnoll is heavily wounded.
The gnoll barely misses you. x2
You hit the gnoll.
The gnoll is severely wounded.
The gnoll misses you. x2
You hit the gnoll.
The gnoll is almost dead.
The gnoll hits you with a halberd!
* * * LOW HITPOINT WARNING * * *
The gnoll closely misses you.
You hit the gnoll.
You kill the gnoll!
Dithmenos accepts your kill.
Your Hexes skill increases to level 8!
The gnoll hits you with a cutlass.
You die...

. #(.........##...#.
##.. #......#....#####.
...g. #....###..[...##..
###.ggg. #..###
###....##..
##.....####### #.....##.
##Z.....##...# ###....##
#.....####...### #......
##.g.####...g...#
###....
##..g...##..Z)@..###
#....
#......g#...>#.....#
###..
#...#........##....##
#..
.....##.....####.....###
###
..ee##.g...)..####.....#
# ....# #...#....##
#.....### # g..#
#....##....# ###.....#
## ...#.....####...##
#.....### #. ..# ....#
#....# ###.....####.


You could see a gnoll and an orc skeleton.

Vanquished Creatures
  An ice beast (D:4)
  Duvessa (D:5)
  A giant frog (D:4)
  Dowan (D:5)
  A crimson imp (D:4)
  A hound (D:4)
  An iguana (D:5)
  Ijyb (D:2)
  A gnoll (D:5)
  An orc skeleton (D:4)
  2 giant mites
  3 worms
  7 adders
  An inept item mimic (D:4)
  2 giant geckos
  3 oozes
  3 orcs (D:3)
  2 giant cockroaches
  13 goblins
  8 hobgoblins
  8 jackals
  A ball python (D:2)
  4 bats
  6 giant newts
  A gnoll skeleton (D:4)
  8 kobolds
  42 rats
  A rat skeleton (D:4)
125 creatures vanquished.

Notes
Turn   | Place    | Note
--------------------------------------------------------------
     0 | D:1      | Rycklaryybbe, the Spriggan Enchanter, began the quest for the Orb.
     0 | D:1      | Reached XP level 1. HP: 9/9 MP: 4/4
   263 | D:1      | Reached skill level 4 in Stealth
   423 | D:1      | Reached XP level 2. HP: 4/13 MP: 7/7
  1009 | D:2      | Reached skill level 5 in Stealth
  1232 | D:2      | Reached XP level 3. HP: 12/16 MP: 9/9
  1533 | D:2      | Noticed Ijyb
  1560 | D:1      | Learned a level 2 spell: Ensorcelled Hibernation
  1584 | D:2      | Killed Ijyb
  1929 | D:2      | Reached XP level 4. HP: 14/21 MP: 12/12
  2013 | D:2      | Reached skill level 5 in Hexes
  2554 | D:3      | Reached skill level 6 in Stealth
  2596 | D:3      | Reached XP level 5. HP: 16/24 MP: 14/14
  3919 | D:4      | Found a staircase to the Ecumenical Temple.
  3941 | Temple   | Entered the Ecumenical Temple
  4041 | Temple   | Became a worshipper of Dithmenos the Shadowed
  4194 | D:4      | Reached XP level 6. HP: 19/28 MP: 15/18
  4503 | D:5      | Entered Level 5 of the Dungeon
  4510 | D:4      | Reached skill level 7 in Stealth
  4604 | D:4      | Learned a level 3 spell: Confuse
  4853 | D:5      | Noticed Duvessa
  4853 | D:5      | Noticed Dowan
  4900 | D:5      | Killed Duvessa
  4900 | D:5      | Reached XP level 7. HP: 16/32 MP: 12/20
  4902 | D:5      | Killed Dowan
  4902 | D:5      | Reached skill level 8 in Stealth
  5185 | D:5      | Slain by a gnoll

Action                   |  1- 3 |  4- 6 |  7- 9 || total
-------------------------+-------+-------+-------++-------
Melee: Dagger            |   139 |   339 |    14 ||   492
 Cast: Ensorcelled Hiber |     5 |    13 |     9 ||    27
       Confuse           |       |     3 |     2 ||     5
  Use: Potion            |       |     3 |       ||     3
       Scroll            |       |     1 |       ||     1
 Stab: Sleeping          |    12 |    23 |     2 ||    37
       Confused          |       |     2 |     1 ||     3
